 Dungeon Crawl Stone Soup version 0.24-a0-439-g6dd8730de2 (webtiles) character file.

Game seed: 15779454710015926426

2 emperorscorpion the Chopper (level 1, -5/27 HPs)
             Began as a Human Berserker on June 18, 2019.
             Was a Follower of Trog.
             Killed from afar by a bat (24 damage)
             ... with an exploding inner flame
             ... hexed by the player character
             ... on level 3 of the Dungeon.
             The game lasted 00:01:29 (154 turns).

emperorscorpion the Chopper (Human Berserker)        Turns: 154, Time: 00:01:30

Health: -5/27      AC:  5    Str: 22    XL:     1   Next: 44%
Magic:  1/1        EV: 17    Int:  7    God:    Trog [*.....]
Gold:   24         SH:  0    Dex: 17    Spells: 0/0 levels left

rFire    . . .     SeeInvis .   a - +0 hand axe
rCold    . . .     Gourm    .   (no shield)
rNeg     . . .     Faith    .   e - +0 ring mail (curse)
rPois    .         Spirit   .   (no helmet)
rElec    .         Reflect  .   (no cloak)
rCorr    .         Harm     .   (no gloves)
MR       .....                  (no boots)
Stlth    ..........             (no amulet)
HPRegen  0.09/turn              (no ring)
MPRegen  0.07/turn              (no ring)

@: agile, berserking, very quick
A: no striking features
a: Berserk, Renounce Religion


You were on level 3 of the Dungeon.
You worshipped Trog.
Trog was aware of your devotion.
You were not hungry.

You visited 1 branch of the dungeon, and saw 3 of its levels.

You collected 24 gold pieces.

Inventory:

Hand Weapons
 a - a +0 hand axe (weapon)
Armour
 b - a +0 animal skin
 e - a cursed +0 ring mail (worn)
Comestibles
 c - a ration
 f - 4 chunks of flesh


   Skills:
 + Level 3.0 Fighting
 + Level 3.0 Axes
 + Level 2.0 Armour
 + Level 2.0 Dodging


You couldn't memorise any spells.
You didn't know any spells.
Your spell library was empty.

Dungeon Overview and Level Annotations

Branches:
Dungeon (3/15)

Altars:

Annotations:
D:3 Ijyb


Message History

The ball python hisses angrily.
The bat hits you but does no damage. Ijyb hits you but does no damage.
The gnoll barely misses you.
The quokka bites you but does no damage.
The gnoll shouts! x2
The bat closely misses you.
You aren't carrying any potions.
A red film seems to cover your vision as you go berserk!
You feel yourself moving faster!
You feel mighty!
You feel a lot more hungry. The bat completely misses you.
Ijyb barely misses you. The gnoll hits you with a +0 whip.
The gnoll misses you.
Unknown command.
You barely miss the bat. You hit the gnoll. You barely miss Ijyb.
The bat hits you. The gnoll closely misses you. Ijyb closely misses you.
The gnoll closely misses you.
You slash the bat!
The bat explodes!
The fiery explosion engulfs you!!
Ouch! That really hurt!
You die...

#........ #####
#......... ..... ###
#...g..... ...... #..
+...?....≈ ≈.....
#.####....S..≈≈
.≈....##...<#.......≈≈
.≈........###.......≈≈
.........gg@#(b.gr...≈
..........#g§rg###...
.........##g##g#
#+##.....#.sb..#...
+................+
#......≈....≈g.###
#.....≈♣≈g.≈...≈#
..........≈≈≈.......
.....##..♣.♣≈...≈♣..


You could see Ijyb, 3 gnolls, a quokka (inner flame), a giant cockroach, a
hobgoblin (inner flame), 2 goblins and a bat (inner flame).

Vanquished Creatures
  A hobgoblin (D:2)
  2 rats
3 creatures vanquished.

Notes
Turn   | Place    | Note
-------+----------+-------------------------------------------
     0 | D:1      | emperorscorpion the Human Berserker began the quest for the
                  | Orb.
     0 | D:1      | Reached XP level 1. HP: 18/18 MP: 1/1
   136 | D:3      | Noticed Ijyb
   154 | D:3      | Killed from afar by a bat

Levels and vault maps discovered:
D:1:      psy_arrival_whirlpool, layout_basic
D:2:      layout_rooms
D:3:      layout_basic, lemuel_coloured_pillars_altar, serial_rivers,
          chequers_serial_rivers_micro_b, chequers_serial_rivers_marsh,
          chequers_serial_rivers_micro_c, chequers_serial_rivers_large_a,
          portal_sewer_entry_a, first_ration, uniq_natasha, uniq_ijyb

Action                   || total
-------------------------++-------
Melee: Hand axe          ||    11
Invok: Berserk           ||     2
  Use: Scroll            ||     1
       Potion            ||     1
Armor: Ring mail         ||    11
       Animal skin       ||     1
Dodge: Dodged            ||    36

Table legend:
 A = Non-vault XP
 B = Vault XP
 C = Vault XP percentage of total XP
 D = Non-vault monster count
 E = Vault monster count
 F = Vault count percentage of total count
                 A         B        C        D         E       F
            +---------+---------+-------+---------+---------+-------
      Total |       4 |       0 |   0.0 |       3 |       0 |   0.0
            +---------+---------+-------+---------+---------+-------
        D:1 |       1 |       0 |   0.0 |       1 |       0 |   0.0
        D:2 |       3 |       0 |   0.0 |       2 |       0 |   0.0
            +---------+---------+-------+---------+---------+-------
